 Dungeon Crawl Stone Soup version 0.22-a0-3-g4fa69d9 (webtiles) character file.

29 theanonym the Ducker (level 3, -1/17 HPs)
             Began as a Felid Abyssal Knight on Jan 1, 2018.
             Was a Believer of Lugonu.
             Slain by a worm (10 damage)
             ... on level 2 of the Dungeon.
             The game lasted 00:01:45 (984 turns).

theanonym the Ducker (Felid Abyssal Knight)          Turns: 984, Time: 00:01:46

Health: -1/17      AC:  1    Str:  9    XL:     3   Next: 1%
Magic:  5/5        EV: 18    Int: 13    God:    Lugonu [**....]
Gold:   51         SH:  0    Dex: 15    Spells: 2/2 levels left
                                        Lives:  0   Deaths: 0

rFire    . . .     SeeInvis +     - Unarmed
rCold    . . .     Gourm    .   (shield unavailable)
rNeg     . . .     Faith    .   (armour unavailable)
rPois    .         Spirit   .   (helmet unavailable)
rElec    .         Reflect  .   (cloak unavailable)
rCorr    .         Harm     .   (gloves unavailable)
MR       .....                  (boots unavailable)
Stlth    ++........             (no amulet)
HPRegen  0.05/turn              (no ring)
MPRegen  0.09/turn              (no ring)

@: quick
A: very small, no armour, no weapons or thrown items, stealth, claws 1, fangs 3,
see invisible, carnivore, speed 1, shaggy fur 1, slow metabolism 1, sharp paws
a: Depart the Abyss, Bend Space, Renounce Religion


Innate Abilities, Weirdness & Mutations

You cannot wear armour.
You are incapable of wielding weapons or throwing items.
Your paws allow you to move quietly. (Stealth)
You have sharp claws.
You have razor-sharp teeth.
You have supernaturally acute eyesight. (SInv)
You are carnivorous and can eat meat at any time.
You cover ground quickly.
You are covered in fur. (AC +1)
You have a slow metabolism.
Your sharp claws are effective at attacking unaware monsters.


   Skills:
 - Level 3.0 Fighting
 - Level 3.2 Dodging
 + Level 2.1 Stealth
 * Level 3.1 Unarmed Combat
 - Level 1.7 Invocations


You had 2 spell levels left.
You didn't know any spells.

Skill      XL: |  1  2 |
---------------+-------+-----
Stealth        | 1 2 |  2.1
Unarmed Combat | 3 |  3.1
Fighting       | |  3.0
Dodging        | |  3.2
Invocations    | |  1.7

Action                   || total
-------------------------++-------
Melee: Unarmed           ||    69
       Bite              ||     5
       Punch             ||     1
 Stab: Sleeping          ||     3
  Eat: Chunk             ||     7
Armor: Skin              ||     6
Dodge: Dodged            ||    60

Inventory:

Scrolls
 a - a scroll of enchant armour {unknown}
 b - 3 scrolls of noise {unknown}
Potions
 d - a potion of cancellation {unknown}
Comestibles
 e - 3 rations


You were on level 2 of the Dungeon.
You worshipped Lugonu.
Lugonu was pleased with you.
You were completely stuffed.

You visited 1 branch of the dungeon, and saw 2 of its levels.
You visited the Abyss 1 time.

You collected 51 gold pieces.

Dungeon Overview and Level Annotations

Branches:
Dungeon (2/15)

Altars:

#[....#.#.......
#...............
#..$....##.....##
.............#..
.#####.......#..#.##
.............#..#..##.##
.................<......
.....r........#.##.#####
.....#@.w.##.#......
......w................
#.....#.##.##.#..#..####
+.....+....##.#..#..#
#.... #..##......#...#
..... ...# .#.##.#l...
#### #.## .#.. #.#


You could see 2 worms and a rat.

Notes
Turn   | Place    | Note
-------+----------+-------------------------------------------
     0 | Abyss:1  | theanonym the Felid Abyssal Knight began the quest for the Orb.
     0 | Abyss:1  | Reached XP level 1. HP: 10/10 MP: 3/3
     5 | D:1      | Escaped the Abyss
   137 | D:1      | Reached skill level 1 in Stealth
   226 | D:1      | Reached XP level 2. HP: 10/14 MP: 4/4
   571 | D:1      | Reached skill level 3 in Unarmed Combat
   674 | D:1      | Reached ** piety under Lugonu
   674 | D:1      | Reached skill level 2 in Stealth
   972 | D:2      | theanonym: !stats feak
   972 | D:2      | beem: Starting stats for FeAK: Str 8 Int 13 Dex 15. Stat gain: id/5
   972 | D:2      | Reached XP level 3. HP: 16/17 MP: 5/5
   984 | D:2      | Slain by a worm

Vanquished Creatures
  4 dart slugs (D:1)
  A leopard gecko (D:1)
  3 bats (D:1)
  3 giant cockroaches
  2 goblins (D:1)
  2 hobgoblins (D:1)
  A kobold (D:1)
  4 rats (D:1)
20 creatures vanquished.

Table legend:
 A = Turns spent in this place as a percentage of turns spent in the entire game.
 B = Non-inter-level travel turns spent in this place as a percentage of non-inter-level travel turns spent in the entire game.
 C = Inter-level travel turns spent in this place as a percentage of turns spent in this place.
 D = Turns resting spent in this place as a percentage of non-inter-level travel turns spent in this place.
 E = Turns spent auto-exploring this place as a percentage of non-inter-level travel turns spent in this place.
 F = Non-inter-level travel turns spent in this place divided by the number of levels of this place that you've seen.
                   A       B       C       D       E      F
               +-------+-------+-------+-------+-------+----------------------
         Total | 100.0 | 100.0 |   6.0 |  12.4 |  69.9 | 308.3
       Dungeon |  99.5 |  99.5 |   6.0 |  12.5 |  70.1 | 460.0
         Abyss |   0.5 |   0.5 |   0.0 |   0.0 |  40.0 |   5.0
               +-------+-------+-------+-------+-------+----------------------
